AoeStats
← Rogash

Arabia

510585809Analyzed
2v2 RM · 1d ago on Oct 1, 2026· 23m 17s· 4 players
Game mode
Random Map
Map size
Medium (4 player)
Population
200
Speed
Normal
Resources
Standard
Victory
Conquest
Starting age
Dark Age
Ending age
Imperial Age
RankedLock teamsTeams togetherTeam positionsShared explorationLock speedFull tech treeHidden civsTurbo modeCheats
Victory
Defeat
🇱🇧 Ethiopians · Lebanon
1043
+13
🇧🇷 Mongols · Brazil
1008
+15
🇩🇪 Spanish · Germany
986
-14
🇩🇪 Magyars · Germany
986
-14
Heizenberg
10:43 Feudal Age
8:58 Loom
16:26 Fletching
16:36 Padded Archer Armor
20:49 Castle Age
21:16 Gold Mining
20:51 Crossbowman
21:40 Thumb Ring
22:38 Bodkin Arrow
Rogash
5:16 Loom
11:18 Feudal Age
14:05 Double-Bit Axe
17:15 Castle Age
16:22 Bloodlines
16:28 Horse Collar
20:13 Wheelbarrow
22:16 Forging
22:37 Husbandry
ACIN
7:28 Loom
9:58 Feudal Age
10:52 Double-Bit Axe
11:40 Horse Collar
14:52 Scale Barding Armor
15:58 Bloodlines
16:44 Town Watch
Razakel42
6:39 Loom
10:13 Feudal Age
12:21 Wheelbarrow
11:47 Double-Bit Axe
21:07 Fletching
Connection lost

Rejoining the realm…

Still unreachable

The connection could not be restored.

Session expired

The server has moved on; the page needs a fresh start.